 Dungeon Crawl Stone Soup version 0.28-a0-1524-ge72afd5fc6 (webtiles) character file.

Game seed: 483077890448889200

34 shadowrider38 the Poker (level 3, 0/28 HPs)
             Began as a Merfolk Gladiator on Jan 17, 2022.
             Slain by an orc wizard (2 damage)
             ... on level 2 of the Dungeon.
             The game lasted 00:01:45 (1740 turns).

shadowrider38 the Poker (Merfolk Gladiator)         Turns: 1740, Time: 00:01:45

Health: 0/28       AC:  9    Str: 16    XL:     3   Next: 31%
Magic:  3/3        EV:  8    Int:  7    God:
Gold:   102        SH:  0    Dex: 15    Spells: 2/2 levels left

rFire   . . .      SeeInvis .   a - +0 trident
rCold   . . .      Faith    .   (no shield)
rNeg    . . .      Spirit   .   i - +0 chain mail
rPois   .          Reflect  .   c - +0 helmet
rElec   .          Harm     .   (no cloak)
rCorr   .          Rampage  .   (no gloves)
Will    .....                   (no boots)
Stlth   ..........              (no amulet)
HPRegen 0.09/turn               (no ring)
MPRegen 0.08/turn               (no ring)

@: confused
A: (nimble swimmer 2), mertail
a: no special abilities


You were on level 2 of the Dungeon.
You visited 1 branch of the dungeon, and saw 3 of its levels.

You collected 102 gold pieces.

Inventory:

Hand Weapons
 a - a +0 trident (weapon)
Missiles
 d - 3 throwing nets (quivered)
Armour
 c - a +0 helmet (worn)
 i - a +0 chain mail (worn)
Jewellery
 b - a +4 ring of slaying
Scrolls
 f - a scroll of teleportation {unknown}
 h - a scroll of identify {unknown}
Potions
 e - a potion of lignification {unknown}
 g - a potion of mutation {unknown}


   Skills:
 + Level 2.9 Fighting
 * Level 5.8 Polearms
 - Level 2.0 Throwing
 - Level 4.0 Dodging


You had 2 spell levels left.
You didn't know any spells.
Your spell library contained the following spells:

 Spells                   Type           Power      Damage    Failure   Level
 Animate Skeleton         Necr           0%         N/A       100%        1
 Pain                     Necr           0%         1d4       100%        1
 Shock                    Conj/Air       0%         1d3       100%        1
 Swiftness                Air            0%         N/A       100%        3
 Vampiric Draining        Necr           0%         2d6       100%        3
 Airstrike                Air            0%         N/A       100%        4


Dungeon Overview and Level Annotations

Branches:
Dungeon (3/15)

Altars:
Hepliaklqana


Innate Abilities, Weirdness & Mutations

((You are very nimble when in or above water. (Stealth+, EV+, Speed+++)))
Your lower body shifts to a powerful aquatic tail in water.


Message History

You puncture the endoplasm!
You kill the endoplasm!
The orc hits you with a +0 falchion.
You barely miss the orc. The orc barely misses you.
You puncture the orc wizard!
The orc wizard is severely wounded.
The orc barely misses you.
The orc wizard hits you but does no damage.
The orc hits you but does no damage. The orc wizard casts a spell at you.
The magic dart hits you. The orc barely misses you.
You climb upwards.
There is a stone staircase leading down here.
You are too injured to fight recklessly!
You barely miss the orc. The orc hits you but does no damage.
You hit the orc but do no damage.
The orc wizard casts a spell.
The orc wizard flickers and vanishes!
Deactivating autopickup; reactivate with Ctrl-A.
The orc hits you with a +0 falchion.
* * * LOW HITPOINT WARNING * * *
You hit the orc.
The orc is almost dead.
The orc hits you with a +0 falchion.
* * * LOW HITPOINT WARNING * * *
You hit the orc.
You kill the orc!
Something hits you but does no damage.
You hit something. Something hits you but does no damage.
You miss something. Your punch misses something.
You hear some strange, mumbled words.
You are confused.
You're too confused to move!
Something hits you but does no damage.
You miss something. Something hits you but does no damage.
Okay, then.
You bump into the rock wall.
You hear some strange, mumbled words.
You are more confused.
Something hits you.
You die...

.##...########.##
#...###.#######
.##............# #...#
#.#
.##.######.########...#
#.# .##.#
###............# #.#
..#.####.....####>#[###
#.# .............#
#.#.## #.#
..#......._..# #....##
#.#######
#######......####{###.#
#........ #.........@.#
#.# #########
###########.###.#
##...## #####


There were no monsters in sight!

Vanquished Creatures
  A worm (D:2)
  An orc (D:2)
  3 bats
  4 endoplasms
  2 giant cockroaches (D:1)
  A goblin (D:1)
  A hobgoblin (D:2)
  A quokka (D:1)
  6 ball pythons
  3 frilled lizards (D:2)
  3 kobolds
  4 rats
30 creatures vanquished.

Notes
Turn   | Place    | Note
-------+----------+-------------------------------------------
     0 | D:1      | shadowrider38 the Merfolk Gladiator began the quest for the
                  | Orb.
     0 | D:1      | Reached XP level 1. HP: 16/16 MP: 1/1
   215 | D:1      | Reached XP level 2. HP: 23/23 MP: 2/2
   294 | D:1      | Reached skill level 5 in Polearms
   597 | D:1      | Found a faded altar of an unknown god.
   964 | D:2      | Found a hazy altar of Hepliaklqana.
  1240 | D:2      | Reached XP level 3. HP: 25/28 MP: 3/3
  1730 | D:2      | HP: 1/28 [orc (6)]
  1740 | D:2      | Slain by an orc wizard

Illustrated notes

Levels and vault maps discovered:
D:1:      tarquinn_simple_flora_water_e, layout_basic,
          shapermc_ecumenical_altar_hornbeckon, serial_rivers,
          chequers_serial_rivers_micro_a, chequers_serial_rivers_micro_b,
          chequers_serial_rivers_micro_d, chequers_serial_rivers_room_b,
          chequers_serial_rivers_small_b, minmay_misc_feat_plants
D:2:      layout_loops_ring, basic_altar, kennysheep_pointless_box
D:3:      minmay_door_path, layout_rooms, minmay_unequal

Skill      XL: |  1  2 |
---------------+-------+-----
Polearms       | 5 |  5.8
Fighting       | |  2.9
Throwing       | |  2.0
Dodging        | |  4.0

Action                   || total
-------------------------++-------
Melee: Trident           ||    76
       Punch             ||     1
 Stab: Sleeping          ||     5
Armor: Leather armour    ||     7
       Chain mail        ||    10
Dodge: Dodged            ||    26

Table legend: (Time is in decaauts)
 A = Elapsed time spent in this place.
 B = Non-inter-level travel time spent in this place.
 C = Inter-level travel time spent in this place.
 D = Time resting spent in this place.
 E = Time spent auto-exploring this place.
 F = Levels seen in this place.
 G = Mean time per level.
                   A        B        C        D        E       F      G
               +--------+--------+--------+--------+--------+-----+--------+
         Total |   1730 |   1697 |     33 |      0 |   1471 |   3 |  576.7 |
       Dungeon |   1730 |   1697 |     33 |      0 |   1471 |   3 |  576.7 |
               +--------+--------+--------+--------+--------+-----+--------+

Top non-repeatable levels by time:
     D:1: 856 daAuts
     D:2: 833 daAuts
     D:3: 41 daAuts
